 Dungeon Crawl Stone Soup version 0.31-a0-18-gea43df2a32 (webtiles) character file.

Game seed: 3302588178687084414

9986 passusers the Cleaver (level 11, -6/150 HPs)
             Began as a Minotaur Berserker on May 10, 2023.
             Was an Elder of Trog.
             Mangled by a boulder beetle (15 damage)
             ... on level 11 of the Dungeon.
             The game lasted 00:24:47 (10946 turns).

passusers the Cleaver (Minotaur Berserker)         Turns: 10946, Time: 00:24:47

Health: -6/150     AC: 18    Str: 23    XL:     11   Next: 30%
Magic:  10/10      EV:  9    Int:  6    God:    Trog [****..]
Gold:   487        SH:  5    Dex: 17    Spells: 10/10 levels left

rFire   . . .        H - +2 hand axe (heavy)
rCold   . . .        I - +0 buckler
rNeg    . . .        v - +0 plate armour
rPois   .            (helmet restricted)
rElec   .            (no cloak)
rCorr   .            (no gloves)
SInv    .            (no boots)
Will    ++...        (no amulet) Stlth
                     q - +4 ring of protection
HPRegen 1.45/turn    t - +6 ring of dexterity
MPRegen 0.12/turn

%: no passive effects
@: berserking, strong-willed, regenerating, very quick
A: horns 2, retaliatory headbutt
a: Renounce Religion, Berserk, Trog's Hand, Brothers in Arms


You were on level 11 of the Dungeon.
You worshipped Trog.
Trog was greatly pleased with you.
You visited 1 branch of the dungeon, and saw 11 of its levels.

You collected 487 gold pieces.

Inventory:

Hand Weapons
 a - a +0 hand axe
 H - a +2 heavy hand axe (weapon)
Armour
 v - a +0 plate armour (worn)
 I - a +0 buckler (worn)
Jewellery
 q - a +4 ring of protection (left hand)
 t - a +6 ring of dexterity (right hand)
 A - a +4 ring of protection
 B - an amulet of regeneration
 C - a +5 ring of evasion
Wands
 s - a wand of flame (14)
Scrolls
 b - a scroll of fog {unknown}
 c - 6 scrolls of teleportation {unknown}
 d - 8 scrolls of identify {unknown}
 l - 2 scrolls of enchant armour {unknown}
 n - 5 scrolls of vulnerability {unknown}
 o - a scroll of amnesia {unknown}
 u - a scroll of noise {unknown}
 x - 5 scrolls of brand weapon {unknown}
 y - a scroll of fear {unknown}
 D - a scroll of magic mapping {unknown}
 E - a scroll of blinking {unknown}
 G - 2 scrolls of summoning {unknown}
 K - a scroll of immolation {unknown}
Potions
 e - 2 potions of lignification {unknown}
 f - 4 potions of haste {unknown}
 g - 2 potions of mutation {unknown}
 h - 6 potions of heal wounds {unknown}
 i - a potion of magic {unknown}
 j - 3 potions of might {unknown}
 k - 3 potions of brilliance {unknown}
 m - 3 potions of flight {unknown}
 p - 8 potions of curing {unknown}
 r - 3 potions of ambrosia {unknown}
 w - 2 potions of berserk rage {unknown}
 z - a potion of attraction {unknown}
 F - 2 potions of invisibility {unknown}
Miscellaneous
 J - a condenser vane


   Skills:
 + Level 10.2 Fighting
 + Level 13.0 Axes
 + Level 9.9 Armour
 * Level 4.8 Dodging
 - Level 0.3 Stealth
 * Level 2.4 Shields
 * Level 6.9 Evocations


You had 10 spell levels left.
You didn't know any spells.
Your spell library was empty.

Dungeon Overview and Level Annotations

Branches:
Dungeon (11/15)            Temple (0/1) D:7            Lair (0/5) D:8
    Orc (0/2) D:9

Altars:
Ashenzari
Cheibriados
Hepliaklqana
Okawaru
Qazlal
Ru
Trog
Uskayaw
Xom
Yredelemnul

Shops:
D:4 *   D:6 [

Annotations:
D:7 3 runed translucent doors, bmack86's ghost, novice MiFi
D:11 Psyche


Innate Abilities, Weirdness & Mutations

You have a pair of horns on your head.
You reflexively headbutt those who attack you in melee.


Message History

The yak is lightly wounded.
You barely miss the yak. x2; The yak gores you but does no damage.
The yak gores you! The yak gores you.
You hit the yak.
The yak is moderately wounded.
You hit the boulder beetle but do no damage.
You closely miss the yak. You hit the yak but do no damage.
The boulder beetle hits you!!!
* * * LOW HITPOINT WARNING * * *
The boulder beetle stops rolling and uncurls.
The yak gores you!
* * * LOW HITPOINT WARNING * * *
The yak gores you.
* * * LOW HITPOINT WARNING * * *
The yak gores you but does no damage.
You hear a shout!
Unknown command.
Your skin crawls.
You feel strong-willed. The boulder beetle closely misses you.
The yak gores you but does no damage. x3
A red film seems to cover your vision as you go berserk!
You feel yourself moving faster!
You feel mighty!
The boulder beetle bites you but does no damage.
The yak gores you but does no damage. The yak barely misses you. x2
You slice the yak!!
The yak is heavily wounded.
You slash the yak! You slash the boulder beetle! You hit the yak.
The boulder beetle bites you but does no damage.
You slash the yak!
The yak is almost dead.
You slash the yak!
You kill the yak!
Trog accepts your kill.
You slash the boulder beetle! You hit the yak.
Psyche the Insane Magess comes into view.
She is wielding a +4 dagger of chaos.
A wraith comes into view.
The yak gores you!
* * * LOW HITPOINT WARNING * * *
The yak gores you but does no damage. The boulder beetle bites you!
You die...

..........###........#
.......<...#..........
...........#.........
........##.........##
...#....#>..........###
............!..........
.......................
...............)B......
..............)@Y......
.............))Y.....@
.#................?.
##.................
#..W..............
.................
.....##..#...... ....
..##......


You could see a boulder beetle, Psyche, 2 yaks and a wraith.

Vanquished Creatures
  Gastronok (D:8)
  Erica (D:10)
  A two-headed ogre (D:10)
  A gargoyle (D:10)
  The ghost of bobo the Magician, a novice DjCj of Makhleb (D:4)
  A troll (D:8)
  A hornet (D:8)
  A shadow (D:10)
  Sigmund (D:3)
  13 yaks
  Menkaure (D:7)
  An acid dragon (D:7)
  A water moccasin (D:8)
  3 orc warriors
  2 black bears (D:6)
  An ogre (D:5)
  3 wolves (D:8)
  4 centaurs
  A phantom (D:5)
  3 kobold brigands
  3 scorpions (D:5)
  7 bullfrogs
  3 gnoll sergeants
  10 wights (D:9)
  6 howler monkeys
  2 electric eels (D:8)
  2 jellies
  9 orc priests
  Crazy Yiuf (D:3)
  4 hounds
  3 sleepcaps
  Jessica (D:2)
  3 iguanas
  Terence (D:3)
  10 orc wizards
  A mummy (D:5)
  16 gnolls
  13 adders
  2 shadow imps
  2 white imps (D:7)
  4 ufetubi
  5 worms
  A dart slug (D:2)
  30 orcs
  9 endoplasms
  2 giant cockroaches
  12 goblins
  8 hobgoblins
  3 jackals (D:1)
  15 kobolds
  5 quokkas
  4 ball pythons
  8 bats
  6 frilled lizards
  A hobgoblin zombie (D:5)
  A kobold zombie (D:5)
  2 orc zombies (D:5)
  10 rats
267 creatures vanquished.

Notes
Turn   | Place    | Note
-------+----------+-------------------------------------------
     0 | D:1      | passusers the Minotaur Berserker began the quest for the
                  | Orb.
     0 | D:1      | Reached XP level 1. HP: 19/19 MP: 0/0
   280 | D:1      | Reached XP level 2. HP: 25/27 MP: 1/1
   378 | D:1      | Reached skill level 4 in Axes
   591 | D:1      | Found a faded altar of an unknown god.
   915 | D:2      | Noticed Jessica
   921 | D:2      | Killed Jessica
   922 | D:2      | Reached XP level 3. HP: 32/34 MP: 2/2
  1021 | D:2      | Reached ** piety under Trog
  1074 | D:2      | Found a bloodstained altar of Trog.
  1135 | D:2      | Reached XP level 4. HP: 37/41 MP: 3/3
  1417 | D:3      | Noticed Sigmund
  1438 | D:3      | Killed Sigmund
  1439 | D:3      | Reached skill level 5 in Fighting
  1439 | D:3      | Reached skill level 5 in Axes
  1439 | D:3      | Reached skill level 1 in Evocations
  1439 | D:3      | Reached XP level 5. HP: 31/48 MP: 4/4
  1662 | D:3      | Noticed Terence
  1670 | D:3      | Killed Terence
  1671 | D:3      | Reached XP level 6. HP: 27/56 MP: 5/5
  2128 | D:3      | Found a sacrificial altar of Ru.
  2272 | D:3      | Found a runed translucent door.
  2273 | D:3      | Noticed Crazy Yiuf
  2586 | D:3      | Killed Crazy Yiuf
  2587 | D:3      | Reached skill level 6 in Axes
  2875 | D:4      | Found a broken altar of Ashenzari.
  3034 | D:4      | Reached XP level 7. HP: 61/63 MP: 6/6
  3129 | D:4      | Found an iron altar of Okawaru.
  3134 | D:4      | Reached *** piety under Trog
  3208 | D:4      | Found a runed translucent door.
  3209 | D:4      | Noticed bobo's ghost (novice DjCj)
  3347 | D:4      | Found Teohi's Assorted Antiques.
  3407 | D:4      | Found a runed translucent door.
  3504 | D:4      | Killed bobo's ghost
  3505 | D:4      | Reached skill level 7 in Axes
  3567 | D:5      | Entered Level 5 of the Dungeon
  3664 | D:5      | Reached XP level 8. HP: 73/73 MP: 7/7
  3795 | D:5      | Identified the staff of death "Baghehum" {+Blink rF+ rN+
                  | SInv Stlth+}
  3847 | D:5      | Found a shimmering altar of Xom.
  3849 | D:5      | Found a basalt altar of Yredelemnul.
  3968 | D:5      | Reached skill level 8 in Axes
  3969 | D:5      | Reached skill level 5 in Armour
  4035 | D:5      | Found a snail-covered altar of Cheibriados.
  4037 | D:5      | Found a stormy altar of Qazlal.
  4082 | D:5      | Reached skill level 9 in Axes
  4366 | D:5      | Identified the +2 plate armour of Paranoia {rC+ rN++ Dex+4}
  4469 | D:5      | Reached XP level 9. HP: 75/81 MP: 8/8
  5525 | D:6      | Reached **** piety under Trog
  5786 | D:6      | Reached skill level 10 in Axes
  5985 | D:6      | Found Piq Gyo's Armour Shoppe.
  6052 | D:7      | Found a staircase to the Ecumenical Temple.
  6553 | D:7      | Found a runed translucent gate.
  6553 | D:7      | Found a runed translucent gate.
  6554 | D:7      | Noticed bmack86's ghost (novice MiFi)
  6556 | D:7      | Found a runed translucent gate.
  6615 | D:7      | Noticed Menkaure
  6622 | D:7      | Killed Menkaure
  6664 | D:7      | Found a hazy altar of Hepliaklqana.
  6908 | D:7      | Reached skill level 5 in Evocations
  7597 | D:8      | Noticed a troll
  7605 | D:8      | Killed a troll
  7606 | D:8      | Reached skill level 11 in Axes
  7606 | D:8      | Reached XP level 10. HP: 63/91 MP: 9/9
  8024 | D:8      | Noticed Gastronok
  8048 | D:8      | Killed Gastronok
  8308 | D:8      | Found a staircase to the Lair.
  8434 | D:8      | Found a hide-covered altar of Uskayaw.
  9200 | D:9      | Reached skill level 12 in Axes
  9650 | D:9      | Identified the +1 arbalest of the Many Shrikes {freeze,
                  | rPois Will+ Dex+4}
  9686 | D:9      | Found a staircase to the Orcish Mines.
 10217 | D:10     | Entered Level 10 of the Dungeon
 10241 | D:10     | Reached skill level 10 in Fighting
 10243 | D:10     | Reached skill level 1 in Shields
 10243 | D:10     | Reached XP level 11. HP: 80/99 MP: 10/10
 10282 | D:10     | Noticed Erica
 10304 | D:10     | Killed Erica
 10451 | D:10     | Noticed a two-headed ogre
 10468 | D:10     | Killed a two-headed ogre
 10469 | D:10     | Reached skill level 13 in Axes
 10833 | D:10     | Found a flagged portal.
 10937 | D:11     | Noticed a boulder beetle
 10946 | D:11     | Noticed Psyche
 10946 | D:11     | Mangled by a boulder beetle

Illustrated notes

Levels and vault maps discovered:
D:1:      minmay_arrival_four_circles, layout_basic,
          chequers_ecumenical_altar_grove
D:2:      layout_rooms, basic_altar, uniq_jessica
D:3:      layout_loops_ring, nicolae_ru_great_annihilating_truth,
          uniq_crazy_yiuf_cottage, uniq_sigmund, uniq_terence
D:4:      layout_rooms, okawaru_altar_gauntlet_db, nicolae_ashenzari_skybound,
          serial_shops, shop_statue, ebering_ghost_sewer_f
D:5:      minmay_spotlight, layout_gridville, nicolae_overflow_hidden_temple,
          minmay_splitting_lines, minmay_mini_ossuary
D:6:      layout_basic, serial_shops, nicolae_shop_advertising_works
          [nicolae_subvault_shop_adworks]
D:7:      layout_cave_pools, nicolae_hepliaklqana_hazy_memory,
          minmay_temple_entry_ruins, ebering_ghost_rock_garden, uniq_menkaure
D:8:      layout_loops_corners, mainiacjoe_overflow_cross_hatched,
          erik_lair_island, grunt_ministairs_10, uniq_gastronok
D:9:      layout_loops_corners, orc_0_dummy, hangedman_corner_corridor
D:10:     layout_cross, enter_bailey_5, uniq_erica
D:11:     layout_cave_pools, serial_shops, nicolae_shop_rolling_square,
          uniq_nergalle, uniq_psyche

Skill      XL: |  1  2  3  4  5  6  7  8  9 10 11 |
---------------+----------------------------------+-----
Axes           | 4 5 6 7 9 11 12 13 | 13.0
Fighting       | 4 5 6 7 8 9 10 | 10.2
Dodging        | 3 4 |  4.8
Armour         | 3 5 7 9 |  9.9
Evocations     | 1 2 3 5 6 |  6.9
Shields        | 1 2 |  2.4
Stealth        | |  0.3

Action                     |  1- 3 |  4- 6 |  7- 9 | 10-12 || total
---------------------------+-------+-------+-------+-------++-------
  Melee: Hand axe          |    59 |   130 |   345 |   175 ||   709
         Headbutt          |     8 |    17 |    89 |    41 ||   155
         Punch             |     1 |     1 |     5 |       ||     7
 Invoke: Berserk           |       |     3 |     3 |     7 ||    13
         Trog's Hand       |       |     2 |     3 |     7 ||    12
   Stab: Paralysed         |       |     2 |       |       ||     2
 Armour: Animal skin       |    17 |     8 |       |       ||    25
         Plate armour      |       |    38 |   241 |   109 ||   388
  Dodge: Dodged            |    35 |    57 |   149 |    85 ||   326
  Block: Buckler           |       |       |       |    20 ||    20

Table legend: (Time is in decaauts)
 A = Elapsed time spent in this place.
 B = Non-inter-level travel time spent in this place.
 C = Inter-level travel time spent in this place.
 D = Time resting spent in this place.
 E = Time spent auto-exploring this place.
 F = Levels seen in this place.
 G = Mean time per level.
                   A        B        C        D        E       F      G
               +--------+--------+--------+--------+--------+-----+--------+
         Total |  11042 |  10757 |    285 |   2951 |   6196 |  11 | 1003.8 |
       Dungeon |  11042 |  10757 |    285 |   2951 |   6196 |  11 | 1003.8 |
               +--------+--------+--------+--------+--------+-----+--------+

Top non-repeatable levels by time:
     D:8: 1735 daAuts
     D:3: 1513 daAuts
     D:5: 1462 daAuts
     D:7: 1351 daAuts
     D:9: 1131 daAuts
     D:6: 995 daAuts
     D:1: 864 daAuts
    D:10: 729 daAuts
     D:4: 702 daAuts
     D:2: 534 daAuts
    D:11: 20 daAuts
